 Dungeon Crawl Stone Soup version 0.29-a0-92-gee772dd00f (webtiles) character file.

Game seed: 6550729817340612617

243 cyrus the Poker (level 6, -5/48 HPs)
             Began as a Merfolk Fighter on Feb 10, 2022.
             Was a Follower of Okawaru.
             Slain by a river rat (6 damage)
             ... summoned by Eustachio
             ... on level 4 of the Dungeon.
             The game lasted 00:06:11 (3301 turns).

cyrus the Poker (Merfolk Fighter)                   Turns: 3301, Time: 00:06:11

Health: -5/48      AC:  8    Str: 16    XL:     6   Next: 9%
Magic:  5/6        EV:  9    Int:  9    God:    Okawaru [*.....]
Gold:   97         SH:  5    Dex: 14    Spells: 5/5 levels left

rFire   . . .      SeeInvis .   a - +0 trident
rCold   . . .      Faith    .   c - +0 buckler
rNeg    . . .      Spirit   .   b - +0 scale mail
rPois   .          Reflect  .   (no helmet)
rElec   .          Harm     .   (no cloak)
rCorr   .          Rampage  .   k - +0 pair of gloves
Will    .....                   (no boots)
Stlth   ..........              (no amulet)
HPRegen 0.16/turn               (no ring)
MPRegen 0.10/turn               (no ring)

@: no status effects
A: (nimble swimmer 2), mertail
a: Renounce Religion, Heroism


You were on level 4 of the Dungeon.
You worshipped Okawaru.
Okawaru was aware of your devotion.
You visited 1 branch of the dungeon, and saw 4 of its levels.

You collected 97 gold pieces.

Inventory:

Hand Weapons
 a - a +0 trident (weapon)
Armour
 b - a +0 scale mail (worn)
 c - a +0 buckler (worn)
 k - a +0 pair of gloves (worn)
Jewellery
 p - a +6 ring of dexterity
Scrolls
 e - a scroll of amnesia {unknown}
 g - a scroll of blinking {unknown}
 h - a scroll of magic mapping {unknown}
 i - a scroll of identify {unknown}
 j - a scroll of vulnerability {unknown}
 l - a scroll of enchant armour {unknown}
 m - a scroll of holy word {unknown}
 r - a scroll of immolation {unknown}
Potions
 d - a potion of degeneration {unknown}
 f - a potion of curing {unknown}
 n - a potion of mutation {unknown}
 o - a potion of ambrosia {unknown}
 q - a potion of cancellation {unknown}
 s - a potion of lignification {unknown}


   Skills:
 + Level 4.0 Fighting
 + Level 5.3 Polearms
 + Level 3.4 Armour
 + Level 1.6 Dodging
 + Level 0.2 Stealth
 + Level 3.7 Shields
 + Level 0.1 Invocations


You had 5 spell levels left.
You didn't know any spells.
Your spell library contained the following spells:

 Spells                   Type           Power      Damage    Failure   Level
 Magic Dart               Conj           0%         1d3       88%         1
 Dazzling Flash           Conj/Hex       0%         N/A       99%         3
 Mephitic Cloud           Conj/Pois/Air  0%         N/A       99%         3
 Agony                    Necr           0%         N/A       100%        5
 Silence                  Hex/Air        0%         N/A       100%        5
 Call Imp                 Summ           Unusable   N/A       N/A         2

Dungeon Overview and Level Annotations

Branches:
Dungeon (4/15)
 Temple: D:4-7

Altars:
Ashenzari
Cheibriados
Dithmenos
Gozag
Okawaru
Sif Muna
Xom
The Shining One

Annotations:
D:4 Eustachio, Grinder


Innate Abilities, Weirdness & Mutations

((You are very nimble when in or above water. (Stealth+, EV+, Speed+++)))
Your lower body shifts to a powerful aquatic tail in water.


Message History

Eustachio barely misses you.
You hit Eustachio.
Eustachio is lightly wounded.
Eustachio hits you with a +2 falchion of electrocution.
You hit Eustachio.
Eustachio is lightly wounded.
You block Eustachio's attack.
You barely miss Eustachio.
Eustachio is lightly wounded.
Eustachio hits you with a +2 falchion of electrocution.
You are electrocuted!
* * * LOW HITPOINT WARNING * * *
You closely miss Eustachio.
Eustachio is lightly wounded.
Eustachio casts a spell.
Eustachio blinks!
You feel like a meek peon again. You block the bat's attack.
Something hits you but does no damage.
Eustachio casts a spell.
Eustachio blinks!
The rat bites you but does no damage.
You miss something. The bat hits you but does no damage.
Something hits you but does no damage.
Grinder blinks!
Unknown command.
You closely miss something. The bat barely misses you. Something hits you.
* * * LOW HITPOINT WARNING * * *
Something hits you but does no damage.
You closely miss something.
The ufetubus disappears in a puff of smoke!
You block the bat's attack.
The river rat bites you but does no damage.
Something hits you but does no damage.
You hit something. The river rat bites you.
* * * LOW HITPOINT WARNING * * *
The bat hits you but does no damage.
You hear some strange, mumbled words.
A puff of flame appears from out of thin air!
The puff of flame hits you but does no damage.
You hit something but do no damage. The bat hits you but does no damage.
You block the bat's attack. The river rat bites you.
You die...

#..........#.#
...........#.###
###.#.##..#......#
................##
#.....##..........
#.#.# #..........
# #.#.#
##.#####.## #.
#.#.#####.# #.#
#..#@#)......# .#
#..b{rr.5##### .#
#.##.#.......# ...
.. ...#.#.###.#
### #. #.###.#.#
.. ... #r#.. . .#.
#r#... . ..
..##### .. #..


You could see Grinder, a river rat (summoned), a bat (summoned) and a rat
(summoned).

Vanquished Creatures
  Blork the orc (D:4)
  A bullfrog (D:4)
  An orc wizard (D:3)
  An adder (D:2)
  A worm (D:2)
  5 orcs
  9 endoplasms
  2 giant cockroaches
  7 hobgoblins
  2 jackals (D:1)
  6 kobolds
  2 quokkas
  10 ball pythons
  4 bats
  A frilled lizard (D:1)
  3 goblins (D:1)
  8 rats
64 creatures vanquished.

Notes
Turn   | Place    | Note
-------+----------+-------------------------------------------
     0 | D:1      | cyrus the Merfolk Fighter began the quest for the Orb.
     0 | D:1      | Reached XP level 1. HP: 18/18 MP: 1/1
   268 | D:1      | Reached XP level 2. HP: 24/24 MP: 2/2
   534 | D:1      | Reached XP level 3. HP: 28/29 MP: 3/3
  1039 | D:2      | Reached skill level 4 in Polearms
  1386 | D:2      | Found a faded altar of an unknown god.
  1401 | D:2      | Prayed at the altar of an unknown god.
  1401 | D:2      | Became a worshipper of Warmaster Okawaru
  1401 | D:2      | Reached * piety under Okawaru
  1517 | D:2      | Reached XP level 4. HP: 35/37 MP: 4/4
  1752 | D:2      | Found a shimmering altar of Xom.
  1925 | D:3      | Found a shimmering blue altar of Sif Muna.
  2045 | D:3      | Found a shadowy altar of Dithmenos.
  2047 | D:3      | Found a snail-covered altar of Cheibriados.
  2049 | D:3      | Found a glowing golden altar of the Shining One.
  2077 | D:3      | Found an opulent altar of Gozag.
  2832 | D:3      | Found a broken altar of Ashenzari.
  2905 | D:4      | Noticed Blork the orc
  2920 | D:4      | Killed Blork the orc
  2921 | D:4      | Reached skill level 1 in Dodging
  2921 | D:4      | Reached XP level 5. HP: 27/42 MP: 2/5
  3040 | D:4      | Reached skill level 5 in Polearms
  3040 | D:4      | Reached XP level 6. HP: 29/48 MP: 6/6
  3258 | D:4      | Noticed Eustachio
  3264 | D:4      | Noticed Grinder
  3300 | D:4      | HP: 1/48 [river rat[Eustachio] (3)]
  3301 | D:4      | Slain by a river rat

Illustrated notes

Levels and vault maps discovered:
D:1:      dpeg_arrival_simpleton_b, layout_rooms, minmay_nonomino_d4
D:2:      layout_loops_ring, nicolae_ecumenical_snake_handling, basic_altar,
          corexii_leaking_fountain, minmay_misc_feat_plants,
          minmay_misc_feat_rows
D:3:      layout_loops_ring, gammafunk_temple_overflow_forgotten,
          grunt_gozag_statues, lemuel_coloured_pillars_altar, old_standard_altar
D:4:      layout_basic, uniq_blork_the_orc, uniq_grinder, uniq_sigmund,
          uniq_eustachio

Skill      XL: |  1  2  3  4  5 |
---------------+----------------+-----
Polearms       | 4 5 |  5.3
Armour         | 3 |  3.4
Dodging        | 1 |  1.6
Fighting       | 4 |  4.0
Stealth        | |  0.2
Shields        | |  3.7
Invocations    | |  0.1

Action                   |  1- 3 |  4- 6 || total
-------------------------+-------+-------++-------
Melee: Trident           |   103 |   115 ||   218
Invok: Heroism           |       |     2 ||     2
  Use: Potion            |     1 |       ||     1
Armor: Scale mail        |    62 |    51 ||   113
Dodge: Dodged            |    59 |    51 ||   110
Block: Buckler           |    32 |    32 ||    64

Table legend: (Time is in decaauts)
 A = Elapsed time spent in this place.
 B = Non-inter-level travel time spent in this place.
 C = Inter-level travel time spent in this place.
 D = Time resting spent in this place.
 E = Time spent auto-exploring this place.
 F = Levels seen in this place.
 G = Mean time per level.
                   A        B        C        D        E       F      G
               +--------+--------+--------+--------+--------+-----+--------+
         Total |   3326 |   3326 |      0 |    520 |   2077 |   4 |  831.5 |
       Dungeon |   3326 |   3326 |      0 |    520 |   2077 |   4 |  831.5 |
               +--------+--------+--------+--------+--------+-----+--------+

Top non-repeatable levels by time:
     D:1: 1033 daAuts
     D:3: 982 daAuts
     D:2: 901 daAuts
     D:4: 408 daAuts
